 Dungeon Crawl Stone Soup version 0.28.0-43-g3370ac3207 (webtiles) character file.

Game seed: 12578983174285273717

126 Faeu the Covered (level 4, -8/41 HPs)
             Began as a Minotaur Fighter on Mar 19, 2022.
             Mangled by a wyvern (14 damage)
             ... on level 4 of the Dungeon.
             The game lasted 00:11:34 (2403 turns).

Faeu the Covered (Minotaur Fighter)                 Turns: 2403, Time: 00:11:35

Health: -8/41      AC: 11    Str: 23    XL:     4   Next: 84%
Magic:  12/12      EV: 11    Int:  5    God:
Gold:   75         SH:  4    Dex:  9    Spells: 3/3 levels left

rFire   . . .      SeeInvis .   a - +0 long sword {long}
rCold   . . .      Faith    .   c - +0 buckler
rNeg    . . .      Spirit   .   C - +1 chain mail {Will+}
rPois   .          Reflect  .   m - +0 hat
rElec   .          Harm     .   (no cloak)
rCorr   .          Rampage  .   t - +0 pair of gloves
Will    +....                   (no boots)
Stlth   ..........              (no amulet)
HPRegen 0.13/turn               e - +4 ring of evasion
MPRegen 0.13/turn               x - ring of magical power

@: no status effects
A: horns 2, retaliatory headbutt
a: no special abilities


You were on level 4 of the Dungeon.
You visited 1 branch of the dungeon, and saw 4 of its levels.

You collected 75 gold pieces.


Innate Abilities, Weirdness & Mutations

You have a pair of horns on your head.
You reflexively headbutt those who attack you in melee.


   Skills:
 + Level 4.6 Fighting
 + Level 3.7 Long Blades
 + Level 4.6 Armour
 + Level 4.6 Shields


You had 3 spell levels left.
You didn't know any spells.
Your spell library contained the following spells:

 Spells                   Type           Power      Damage    Failure   Level
 Shock                    Conj/Air       0%         1d3       99%         1
 Swiftness                Air            0%         N/A       100%        3
 Airstrike                Air            0%         N/A       100%        4

Inventory:

Hand Weapons
 a - a +0 long sword (weapon) {long}
 A - a +2 mace of protection {mace}
   (You took it off an orc on level 4 of the Dungeon)
Missiles
 f - 86 stones (quivered) {throwing}
 n - 23 bolts
 o - 17 arrows
 p - 47 sling bullets
 z - 8 poisoned darts {throwing}
 B - a boomerang {throwing}
Armour
 c - a +0 buckler (worn)
 m - a +0 hat (worn)
   (You found it on level 2 of the Dungeon)
 t - a +0 pair of gloves (worn)
   (You found it on level 3 of the Dungeon)
 C - a +1 chain mail of willpower (worn)
   (You took it off an orc on level 4 of the Dungeon)
Magical Staves
 l - a staff of conjuration {!a@e2staff}
   (You found it on level 2 of the Dungeon)
Jewellery
 e - a +4 ring of evasion (left hand)
   (You found it on level 1 of the Dungeon)
 x - a ring of magical power (right hand)
   (You found it on level 3 of the Dungeon)
Scrolls
 g - a scroll of vulnerability {!r!r}
 h - 2 scrolls of identify {@r1}
 i - a scroll of magic mapping {unknown}
 q - 3 scrolls of enchant armour
 r - a scroll of noise {!r}
 u - a scroll of blinking {unknown}
 v - 2 scrolls of enchant weapon {unknown}
 y - a scroll of fog {unknown}
Potions
 d - a potion of might
 j - a potion of mutation {!q}
 k - a potion of curing {unknown}
 s - a potion of flight {unknown}
 w - a potion of haste {unknown}

Dungeon Overview and Level Annotations

Branches:
Dungeon (4/15)             Temple (0/1) D:4

Altars:

#...........
#...........#
###...........#
..............
............#
....##.B^##.#
....##...##.###
##...l.......#
##.....@......#
#.............#
##..##...##...#
#...##...##....
###............
###....###...
#......# ...
#......# ..
#......#


You could see a wyvern and a giant cockroach.


Message History

The orc shouts!
An orc comes into view.
It is wielding a +2 mace of protection. 😎 HP[+2]
Your hp is fully restored (41).
You throw a stone {throwing}.
The stone {throwing} barely misses the orc.
The orc shouts!
The stone {throwing} hits the orc but does no damage.
You hear a shout!
An orc comes into view. It is wielding a +0 club.
You throw a stone {throwing}.
The stone {throwing} barely misses the orc.
The stone {throwing} hits the orc but does no damage.
You hit the orc but do no damage. The orc hits you but does no damage.
The orc closely misses you.
You barely miss the orc. You headbutt the orc, but do no damage.
You block the orc's attack.
You barely miss the orc. You headbutt the orc, but do no damage.
You block the orc's attack. The orc hits you but does no damage.
You hit the orc but do no damage. The orc closely misses you.
The orc barely misses you. The orc hits you but does no damage.
You hit the orc but do no damage.
The orc hits you with a +0 whip. 😕 HP[-3]
You take 3 damage, and now have 38/41 hp.
The orc closely misses you.
You hit the orc.
The orc hits you with a +0 war axe. 😕 HP[-6]
You take 6 damage, and now have 32/41 hp.
You hit the orc. Your headbutt misses the orc.
The orc hits you but does no damage. The orc misses you. 😕 HP[+1]
You hit the orc.
You kill the orc!
The orc misses you. You furiously retaliate!
You headbutt the orc!
You kill the orc!
You slash the orc!
You kill the orc!
You hit the orc.
The orc hits you with a +0 club. 😮 HP[-3]
You take 3 damage, and now have 30/41 hp.
You slash the orc!
You kill the orc!
A - a +2 mace of protection {mace};
B - a boomerang {throwing}
Items here: % )) [. 😕 HP[+1]
C - a +1 chain mail of willpower
Things that are here:
a +0 whip {mace}; an orc corpse
Items here: % )) [.
Okay, then.
D - a +0 chain mail You start removing your armour.
You continue taking off your +0 scale mail. x4
You finish taking off your +0 scale mail.
You start putting on your armour.
You continue putting on your +1 chain mail of willpower. x5
You finish putting on your +1 chain mail of willpower.
You feel strong-willed. 😕 HP[+2]
You regained 2 hp, and now have 33/41 hp.
You drop a +0 chain mail.
You drop a +0 scale mail. 😕 HP[+1]
f - 85 stones {throwing} (gained 1)
f - 86 stones {throwing} (gained 1) 😕 HP[+1]
q - 3 scrolls of enchant armour (gained 2)
You see here a +0 robe. 😕 HP[+1]
You now have 75 gold pieces (gained 12). 😕 HP[+1]
Found a staircase to the Ecumenical Temple.
An endoplasm comes into view.
The endoplasm quivers.
A wyvern comes into view. 😕 HP[+1]
The wyvern hisses angrily.
The endoplasm barely misses you.
There is a staircase to the Ecumenical Temple here.
You slash the endoplasm!
You kill the endoplasm!
A giant cockroach comes into view.
You block the wyvern's attack.
You hit the wyvern but do no damage. The wyvern bites you.
The wyvern bites you but does no damage. 😕 HP[-2]
You take 2 damage, and now have 36/41 hp.
You barely miss the wyvern. The wyvern bites you! x2
* * * LOW HITPOINT WARNING * * *
😨 HP[-18]
You take 18 damage, and now have 18/41 hp.
MASSIVE DAMAGE!! (PAUSE)
The wyvern bites you!
* * * LOW HITPOINT WARNING * * *
There is a staircase to the Ecumenical Temple here. 😱 HP[-13]
You take 13 damage, and now have 5/41 hp.
MASSIVE DAMAGE!! (PAUSE)
The wyvern bites you!
You die...

Skill      XL: |  1  2 |
---------------+-------+-----
Shields        | 4 |  4.6
Fighting       | 4 |  4.6
Armour         | 4 |  4.6
Long Blades    | 3 |  3.7

Action                   |  1- 3 |  4- 6 || total
-------------------------+-------+-------++-------
Melee: Long sword        |    76 |    66 ||   142
       Headbutt          |    15 |    11 ||    26
Throw: Stone             |       |     2 ||     2
  Use: Scroll            |       |     4 ||     4
Armor: Scale mail        |    31 |    21 ||    52
       Chain mail        |       |     1 ||     1
Dodge: Dodged            |    54 |    35 ||    89
Block: Buckler           |    11 |    19 ||    30

Levels and vault maps discovered:
D:1:      ldierk_walled_garden, layout_rooms,
          shapermc_ecumenical_altar_acropolis, minmay_tripent
D:2:      layout_basic, st_stairs_9, kennysheep_generic_room_6
D:3:      layout_loops_ring
D:4:      layout_basic, marbit_many_paths, minmay_temple_entry_stoned_glass,
          serial_shops, nicolae_shop_hallway_stairs, hangedman_decor_points,
          kennysheep_generic_room_3

Notes
Turn   | Place    | Note
-------+----------+-------------------------------------------
     0 | D:1      | Faeu the Minotaur Fighter began the quest for the Orb.
     0 | D:1      | Reached XP level 1. HP: 19/19 MP: 0/0
     0 | D:1      | magus.rc [v1.9.6]
    25 | D:1      | Found a faded altar of an unknown god.
    40 | D:1      | Reached XP level 2. HP: 20/27 MP: 1/1
   284 | D:1      | Reached skill level 4 in Shields
   298 | D:1      | Reached skill level 4 in Fighting
   298 | D:1      | Reached skill level 4 in Armour
   518 | D:1      | Reached skill level 3 in Long Blades
   560 | D:1      | Reached XP level 3. HP: 33/33 MP: 2/2
  1091 | D:2      | Reached XP level 4. HP: 40/40 MP: 3/3
  1155 | D:2      | You pick up a book of Air and begin reading...
  1155 | D:2      | You add the spells Shock, Swiftness and Airstrike to your
                  | library.
  2390 | D:4      | Found a staircase to the Ecumenical Temple.
  2395 | D:4      | Noticed a wyvern
  2402 | D:4      | HP: 5/41 [wyvern (13)]
  2403 | D:4      | Mangled by a wyvern

Vanquished Creatures
  A gnoll (D:2)
  2 adders
  2 worms
  3 dart slugs
  4 orcs (D:4)
  5 ball pythons
  2 bats
  6 endoplasms
  3 giant cockroaches (D:2)
  8 goblins
  11 hobgoblins
  3 jackals (D:2)
  9 kobolds
  6 quokkas
  2 frilled lizards
  7 rats
74 creatures vanquished.

Vanquished Creatures (others)
  5 toadstools (D:1)
5 creatures vanquished.

Grand Total: 79 creatures vanquished

Table legend:
 A = Non-vault XP
 B = Vault XP
 C = Vault XP percentage of total XP
 D = Non-vault monster count
 E = Vault monster count
 F = Vault count percentage of total count
                 A         B        C        D         E       F
            +---------+---------+-------+---------+---------+-------
      Total |     154 |      27 |  14.9 |      68 |       6 |   8.1
            +---------+---------+-------+---------+---------+-------
        D:1 |      42 |       4 |   8.7 |      24 |       2 |   7.7
        D:2 |      52 |      23 |  30.7 |      21 |       4 |  16.0
        D:3 |      36 |       0 |   0.0 |      12 |       0 |   0.0
        D:4 |      24 |       0 |   0.0 |      11 |       0 |   0.0
            +---------+---------+-------+---------+---------+-------

Illustrated notes

Table legend:
 A = Kills in this place as a percentage of kills in entire the game.
 B = Kills by you in this place as a percentage of kills by you in the entire game.
 C = Kills by friends in this place as a percentage of kills by friends in the entire game.
 D = Other kills in this place as a percentage of other kills in the entire game.
 E = Experience gained in this place as a percentage of experience gained in the entire game.
 F = Experience gained in this place divided by the number of levels of this place that you have seen.
                   A       B       C       D       E      F
               +-------+-------+-------+-------+-------+----------------------
         Total | 100.0 | 100.0 |   N/A |   N/A | 100.0 |  45.2
       Dungeon | 100.0 | 100.0 |   N/A |   N/A | 100.0 |  45.2
               +-------+-------+-------+-------+-------+----------------------

Table legend: (Time is in decaauts)
 A = Elapsed time spent in this place.
 B = Non-inter-level travel time spent in this place.
 C = Inter-level travel time spent in this place.
 D = Time resting spent in this place.
 E = Time spent auto-exploring this place.
 F = Levels seen in this place.
 G = Mean time per level.
                   A        B        C        D        E       F      G
               +--------+--------+--------+--------+--------+-----+--------+
         Total |   2441 |   2441 |      0 |      0 |   1483 |   4 |  610.2 |
       Dungeon |   2441 |   2441 |      0 |      0 |   1483 |   4 |  610.2 |
               +--------+--------+--------+--------+--------+-----+--------+

Top non-repeatable levels by time:
     D:3: 796 daAuts
     D:2: 793 daAuts
     D:1: 690 daAuts
     D:4: 160 daAuts
